 Dungeon Crawl Stone Soup version 0.13.0-26-gf7ffa3a (webtiles) character file.

217 Kae the Ruinous (level 4, 0/24 HPs)
             Began as a Tengu Fire Elementalist on Oct 29, 2013.
             Killed from afar by an orc wizard (4 damage)
             ... with a magic dart
             ... on Level 3 of the Dungeon on Oct 30, 2013.
             The game lasted 00:04:30 (2789 turns).

Kae the Ruinous (Tengu Fire Elementalist)           Turns: 2789, Time: 00:04:30

HP   0/24        AC  2     Str  8      XL: 4   Next: 33%
MP   8/9         EV 12     Int 17      God:
Gold 140         SH  0     Dex 14      Spells:  2 memorised,  4 levels left

Res.Fire  : . . .   See Invis. : .   (no weapon)
Res.Cold  : . . .   Warding    : .   a - +0 robe
Life Prot.: . . .   Conserve   : .   (no shield)
Res.Poison: .       Res.Corr.  : .   (helmet restricted)
Res.Elec. : .       Clarity    : .   (no cloak)
Sust.Abil.: . .     Spirit.Shd : .   (no gloves)
Res.Mut.  : .       Stasis     : .   (boots unavailable)
Res.Rott. : .       Flight     : .   (no amulet)
Saprovore : . . .                    (no ring)
                                     (no ring)

@: slightly resistant to hostile enchantments, unstealthy
A: beak, talons 3
a: no special abilities


You were on level 3 of the Dungeon.
You were not hungry.

You visited 1 branch of the dungeon, and saw 3 of its levels.

You collected 120 gold pieces.

Inventory:

Missiles
 l - 21 darts (quivered)
Armour
 a - a +0 robe (worn)
Comestibles
 c - 2 bread rations
 g - 14 grapes
 p - a chunk of adder flesh
Scrolls
 h - a scroll of remove curse {unknown}
 i - a scroll of identify
 j - 3 scrolls of teleportation
 m - a scroll of fog
Potions
 d - 3 potions of restore abilities
 e - a potion of resistance
 f - a potion of curing {unknown}
 k - a potion of mutation {unknown}
 n - a potion of poison {unknown}
 o - a potion of speed {unknown}
Books
 b - a book of Flames

   Spells                             Type                      Level
   *Flame Tongue                      Conjuration/Fire             1
   *Throw Flame                       Conjuration/Fire             2
   Conjure Flame                      Conjuration/Fire             3
   Inner Flame                        Hexes/Fire                   3
   Sticky Flame                       Conjuration/Fire             4
   Fireball                           Conjuration/Fire             5


   Skills:
 - Level 2.1 Dodging
 - Level 2.0 Stealth
 * Level 2.4 Spellcasting
 * Level 3.6 Conjurations
 + Level 3.6 Fire Magic


You had 4 spell levels left.
You knew the following spells:

 Your Spells              Type           Power        Failure   Level  Hunger
a - Flame Tongue          Conj/Fire      ##...        4%          1    #......
b - Throw Flame           Conj/Fire      ##....       10%         2    ##.....


Dungeon Overview and Level Annotations

Branches:
Dungeon (3/27)

Altars:

Portals:
Sewer: D:3


Innate Abilities, Weirdness & Mutations

You have a beak for a mouth.
You have claws for feet.


Message History

Aim: a big fish (steam, moderately wounded)
The flame misses the big fish.
The big fish is engulfed in a cloud of scalding steam.
It hits you but does no damage.
Really walk into that cloud of steam? [Y]es or [N]o only, please.
Really walk into that cloud of steam?
You enter the shallow water.
Moving in this stuff is going to be slow.
You are engulfed in a cloud of scalding steam.
It hits you.
* * * LOW HITPOINT WARNING * * *
The orc misses you.
You hear some strange, mumbled words.
The puff of flame hits you!
* * * LOW HITPOINT WARNING * * *
The orc wizard gestures wildly while chanting.
The orc wizard flickers and vanishes!
The magic dart hits you!
You die...

### #≈# #∩# #@#
.## #≈# . ... #≈#
.##.#######≈#
.....#...#≈# #
#.#.#...#≈# .. #.
#.......#{# ...##.
###.#..§{o#
......####.#.....#


You could see an orc.

Vanquished Creatures
  3 adders
  2 giant geckos
  An ooze (D:2)
  A giant cockroach (D:3)
  7 goblins
  4 hobgoblins
  3 jackals (D:2)
  4 kobolds
  A quokka (D:2)
  4 bats
  9 giant newts
  7 rats
46 creatures vanquished.

Notes
Turn   | Place    | Note
--------------------------------------------------------------
     0 | D:1      | Kae, the Tengu Fire Elementalist, began the quest for the Orb.
     0 | D:1      | Reached XP level 1. HP: 10/10 MP: 3/3
   527 | D:1      | Reached XP level 2. HP: 10/15 MP: 5/5
   649 | D:1      | Learned a level 2 spell: Throw Flame
  1264 | D:2      | Upgraded the game from 0.13.0-25-g43d4df3 to 0.13.0-26-gf7ffa3a
  1331 | D:2      | Reached XP level 3. HP: 15/19 MP: 1/7
  2649 | D:3      | Reached XP level 4. HP: 20/24 MP: 6/9
  2776 | D:3      | Found a glowing drain.
  2789 | D:3      | Killed from afar by an orc wizard

Action                   |  1- 3 |  4- 6 || total
-------------------------+-------+-------++-------
Melee: Unarmed           |    93 |     4 ||    97
 Cast: Flame Tongue      |    42 |    11 ||    53
  Use: Scroll            |     4 |       ||     4
 Stab: Distracted        |     1 |       ||     1
       Sleeping          |     1 |       ||     1
